 Dungeon Crawl Stone Soup version 0.20.1-1-g8b1a95d (webtiles) character file.

14944 Gargoyl the Protected (level 11, -14/97 HPs)
             Began as a Minotaur Abyssal Knight on Aug 25, 2017.
             Was a High Priest of Lugonu.
             Demolished by Rupert
             ... wielding a +0 vampiric executioner's axe
              (24 damage)
             ... on level 3 of the Lair of Beasts.
             The game lasted 00:23:39 (13042 turns).

Gargoyl the Protected (Minotaur Abyssal Knight)    Turns: 13042, Time: 00:23:40

Health: -14/97     AC: 27    Str: 23    XL:     11   Next: 95%
Magic:  14/14      EV:  9    Int: 16    God:    Lugonu [*****.]
Gold:   483        SH:  0    Dex: 15    Spells: 10/10 levels left

rFire    . . .     SeeInvis .   C - +8 flail "Nieryisu" {venom, rPois Int+4 Dex+3}
rCold    . . .     Gourm    .   (no shield)
rNeg     . . .     Faith    .   m - +2 plate armour
rPois    +         Spirit   .   j - +2 hat {Int+3}
rElec    .         Reflect  .   k - scarf {cloud immunity}
rCorr    +         Harm     .   z - +2 pair of gloves
MR       +....                  d - +2 pair of boots
Stlth    ..........             (no amulet)
Regen    0.3/turn               e - ring of protection from magic
MPRegen  0.2/turn               y - ring of resist corrosion

@: mighty
A: retaliatory headbutt, hooves 1, horns 2, low mp 1, poison resistance
a: Depart the Abyss, Bend Space, Banish, Corrupt, Enter the Abyss, Renounce
Religion


You were on level 3 of the Lair of Beasts.
You worshipped Lugonu.
Lugonu was extremely pleased with you.
You were hungry.

You visited 2 branches of the dungeon, and saw 11 of its levels.
You visited the Abyss 1 time.

You collected 895 gold pieces.
You spent 412 gold pieces at shops.

Inventory:

Hand Weapons
 a - a +2 hand axe
 C - the +8 flail "Nieryisu" (weapon) {venom, rPois Int+4 Dex+3}
   (You found it on level 1 of the Lair of Beasts)

   It poisons the flesh of those it strikes.
   It affects your intelligence (+4).
   It affects your dexterity (+3).
   It protects you from poison.
Armour
 d - a +2 pair of boots (worn)
 j - a +2 hat of intelligence (worn)
 k - a scarf of cloud immunity (worn)
 m - a +2 plate armour (worn)
 z - a +2 pair of gloves (worn)
Jewellery
 e - a ring of protection from magic (left hand)
 y - a ring of resist corrosion (right hand)
Wands
 n - a wand of flame (17/48)
 o - a wand of flame (15/48)
 x - a wand of paralysis (0/24)
 B - a wand of iceblast (10/15)
Scrolls
 b - 4 scrolls of remove curse
 f - 2 scrolls of fog
 g - 6 scrolls of identify
 p - a scroll of fear
 q - 2 scrolls of recharging
 r - 2 scrolls of teleportation
 t - 2 scrolls of amnesia
 F - a scroll of acquirement
 I - a scroll of brand weapon {unknown}
Potions
 s - 2 potions of brilliance
 w - a potion of flight
 A - 3 potions of might
 D - a potion of lignification
Books
 v - a book of Misfortune

   Spells                             Type                      Level
   a - Confusing Touch                Hexes                        1
   b - Confuse                        Hexes                        3
   c - Gell's Gravitas                Translocation                3
   d - Petrify                        Transmutation/Earth          4
   e - Metabolic Englaciation         Hexes/Ice                    5
   f - Yara's Violent Unravelling     Hexes/Transmutation          5
 E - a book of Minor Magic

   Spells                             Type                      Level
   a - Magic Dart                     Conjuration                  1
   b - Blink                          Translocation                2
   c - Call Imp                       Summoning                    2
   d - Slow                           Hexes                        2
   e - Conjure Flame                  Conjuration/Fire             3
   f - Mephitic Cloud                 Conjuration/Poison/Air       3
Comestibles
 c - 12 bread rations
 h - 5 meat rations
 i - a royal jelly
 H - 4 fruits


   Skills:
 + Level 9.3 Fighting
 + Level 11.2(12.1) Axes
 + Level 8.0(10.7) Maces & Flails
 * Level 13.3 Armour
 + Level 2.5 Dodging
 * Level 8.3 Invocations
 + Level 1.0 Evocations


You had 10 spell levels left.
You didn't know any spells.

Dungeon Overview and Level Annotations

Branches:
Dungeon (8/15)             Temple (0/1) D:4            Lair (3/6) D:8
  Swamp (0/4) Lair:3       Spider (0/4) Lair:2

Altars:
Fedhas
Gozag
Makhleb
Okawaru
Uskayaw
Vehumet
Xom

Shops:
D:4 *   D:6 [   D:8 *

Annotations:
Lair:2 Sonja
Lair:3 exclusion: oklob plant, Rupert


Innate Abilities, Weirdness & Mutations

You reflexively headbutt those who attack you in melee.
You have a pair of horns on your head.
You have large cloven feet.
Your magical capacity is low. (-10% MP)
Your system is resistant to poisons. (rPois)


Message History

You hit Rupert.
Rupert looks as sick as possible!
Rupert is heavily wounded.
Rupert hits you but does no damage.
You sock Rupert!
Rupert looks as sick as possible!
Rupert is severely wounded.
You hit Rupert but do no damage.
Rupert looks as sick as possible!
You headbutt Rupert!
Rupert is severely wounded.
Rupert looks more energetic.
Rupert hits you with a vampiric executioner's axe!
* * * LOW HITPOINT WARNING * * *
You feel better.
You feel very mighty all of a sudden.
Rupert roars madly and goes into a rage!
Rupert goes berserk!
Rupert is nearby!
You sock Rupert!
Rupert looks as sick as possible!
Your headbutt misses Rupert.
Rupert is almost dead.
Rupert hits you with a vampiric executioner's axe!!
You die...

#####..##.# ##......#.#####
##.<.......#...##
#...........#...# .........##
#............#..## #..........
#............#...# #.........#
#............##..## .........#
##...@........##P..# #........#
#P...@........###..## #.......#
#.............###...## #.......#
##.........###..##....
###......###.#...................
..........................<......
..........###..###.#####.....#...
..#P....#.#.#### ####............
#####.#....## ####............
###.8.#.#### #.#.........>...


You could see Rupert (berserk).

Vanquished Creatures
  Gastronok (Lair:2)
  A hydra (Lair:2)
  Nergalle (Lair:1)
  A black mamba (Lair:3)
  3 spiny frogs
  8 komodo dragons
  A hornet (D:6)
  4 blink frogs (Lair:3)
  A hippogriff (Lair:3)
  A spriggan (D:7)
  16 yaks
  A basilisk (Lair:3)
  3 water moccasins
  3 porcupines
  Purgy (D:3)
  Duvessa (D:6)
  3 orc warriors
  2 ice beasts
  3 phantoms
  3 wolves (Lair:3)
  2 centaurs
  5 ogres
  5 crocodiles
  The ghost of letownia the Insei, an amateur OpTm (D:4)
  A big kobold (D:6)
  4 bullfrogs
  A water moccasin zombie (D:5)
  Dowan (D:6)
  4 scorpions (D:8)
  3 killer bees (D:7)
  3 wights (D:8)
  2 centaur zombies
  A bullfrog zombie (D:5)
  8 hounds
  A jelly (D:8)
  2 orc priests (D:8)
  A bullfrog skeleton (D:4)
  2 iguanas (D:6)
  3 worker ants
  10 orc wizards
  4 hell rats (Lair:3)
  A hound zombie (D:5)
  A howler monkey zombie (D:7)
  A worker ant zombie (D:5)
  3 gnolls (D:6)
  6 adders
  A shadow imp (D:8)
  An adder skeleton (D:4)
  3 worms
  3 dart slugs
  4 leopard geckos
  26 orcs
  2 giant cockroaches
  8 goblins
  5 hobgoblins
  2 jackals (D:4)
  7 quokkas
  3 ball pythons
  14 bats
  A frilled lizard (D:3)
  9 kobolds
  A quokka zombie (D:6)
  3 rats
227 creatures vanquished.

Vanquished Creatures (others)
  A hydra (Lair:1)
  An orb spider (Lair:2)
  2 fungi
  2 plants (Lair:2)
6 creatures vanquished.

Grand Total: 233 creatures vanquished

Notes
Turn   | Place    | Note
-------+----------+-------------------------------------------
     0 | Abyss:1  | Gargoyl the Minotaur Abyssal Knight began the quest for the Orb.
     0 | Abyss:1  | Reached XP level 1. HP: 19/19 MP: 1/1
    25 | Abyss:2  | Noticed an eye of devastation
    25 | Abyss:2  | a glowing shapeshifter changed into an eye of devastation
    34 | Abyss:2  | Found a corrupted altar of Lugonu.
    55 | Abyss:2  | Noticed a starcursed mass
    63 | Abyss:2  | Noticed a large abomination
    67 | D:1      | Escaped the Abyss
   109 | D:1      | Reached * piety under Lugonu
   184 | D:1      | Reached XP level 2. HP: 27/27 MP: 2/2
   817 | D:2      | Reached XP level 3. HP: 18/33 MP: 3/3
  2253 | D:3      | Reached skill level 3 in Armour
  2831 | D:3      | Reached XP level 4. HP: 28/41 MP: 4/4
  3027 | D:3      | Found a faded altar of an unknown god.
  3176 | D:3      | Found an opulent altar of Gozag.
  3217 | D:3      | Reached ** piety under Lugonu
  3335 | D:3      | Noticed Purgy
  3351 | D:3      | Killed Purgy
  3351 | D:3      | Reached skill level 4 in Armour
  3351 | D:3      | Reached XP level 5. HP: 31/47 MP: 4/6
  3758 | D:4      | Found Ybiann's General Store.
  3819 | D:4      | Found a staircase to the Ecumenical Temple.
  3826 | D:4      | Noticed an orc warrior
  3855 | D:4      | Killed an orc warrior
  3855 | D:4      | Reached skill level 5 in Fighting
  3855 | D:4      | Reached XP level 6. HP: 19/56 MP: 7/7
  4129 | D:4      | Reached skill level 5 in Armour
  4245 | D:4      | Found an iron altar of Okawaru.
  4288 | D:4      | Noticed letownia's ghost (amateur OpTm)
  4299 | D:4      | Killed letownia's ghost
  4437 | D:4      | Bought a potion of heal wounds for 55 gold pieces
  4623 | D:4      | Reached XP level 7. HP: 41/61 MP: 8/8
  4859 | D:5      | Entered Level 5 of the Dungeon
  4865 | D:5      | Reached skill level 5 in Axes
  4865 | D:5      | Reached skill level 6 in Armour
  5295 | D:5      | Reached skill level 7 in Armour
  5430 | D:5      | Found a blossoming altar of Fedhas.
  5431 | D:5      | Found a hide-covered altar of Uskayaw.
  5431 | D:5      | Found a radiant altar of Vehumet.
  5435 | D:5      | Found a burning altar of Makhleb.
  5949 | D:5      | Reached XP level 8. HP: 70/70 MP: 8/10
  6065 | D:6      | Noticed Duvessa
  6089 | D:6      | Killed Duvessa
  6089 | D:6      | Reached skill level 8 in Armour
  6335 | D:6      | Reached *** piety under Lugonu
  6348 | D:6      | Noticed Dowan
  6370 | D:6      | Killed Dowan
  6885 | D:6      | Reached skill level 9 in Armour
  6896 | D:6      | Reached XP level 9. HP: 70/78 MP: 11/11
  6934 | D:6      | Found Nehelaf's Armour Shoppe.
  6942 | D:6      | Bought a +2 pair of gloves for 165 gold pieces
  6963 | D:6      | Found a shimmering altar of Xom.
  6964 | D:6      | Found a shimmering altar of Xom.
  6964 | D:6      | Found a shimmering altar of Xom.
  6965 | D:6      | Found a shimmering altar of Xom.
  6969 | D:6      | Found a shimmering altar of Xom.
  7002 | D:6      | Reached skill level 5 in Invocations
  7051 | D:6      | Paralysed by a hornet for 2 turns
  7674 | D:7      | Got an iridescent spear
  7683 | D:7      | Identified the +8 spear "Tiumnoc" {speed, Int+4 Dex-2} (You found it on level 7 of the Dungeon)
  7758 | D:7      | Found a burning altar of Makhleb.
  7770 | D:7      | Noticed a green death
  7773 | D:7      | Noticed an orange demon
  7773 | D:7      | Noticed a smoke demon
  8428 | D:7      | Gained mutation: You are surrounded by a mild repulsion field. (EV +2) [potion of mutation]
  8428 | D:7      | Gained mutation: You have sharp toenails. [potion of mutation]
  8698 | D:7      | Reached **** piety under Lugonu
  8698 | D:7      | Reached skill level 10 in Armour
  8723 | D:8      | Reached skill level 1 in Evocations
  9213 | D:8      | Found Giwopp's Assorted Antiques.
  9264 | D:8      | Bought a potion of curing for 96 gold pieces
  9264 | D:8      | Bought a potion of curing for 96 gold pieces
  9354 | D:8      | Found a staircase to the Lair.
  9365 | D:8      | Reached XP level 10. HP: 86/86 MP: 13/13
  9528 | Lair:1   | Entered Level 1 of the Lair of Beasts
  9531 | Lair:1   | Identified a scroll of acquirement
  9546 | Lair:1   | Noticed a spiny frog
  9556 | Lair:1   | Killed a spiny frog
  9556 | Lair:1   | Reached skill level 10 in Axes
 10027 | Lair:1   | Noticed a seven-headed hydra
 10028 | Lair:1   | Banished a seven-headed hydra
 10028 | Lair:1   | Reached skill level 11 in Armour
 10148 | Lair:1   | Got a steaming flail
 10149 | Lair:1   | Identified the +8 flail "Nieryisu" {venom, rPois Int+4 Dex+3} (You found it on level 1 of the Lair of Beasts)
 10218 | Lair:1   | Noticed Nergalle
 10227 | Lair:1   | Killed Nergalle
 10513 | Lair:2   | Noticed Sonja
 10905 | Lair:2   | Reached skill level 1 in Maces & Flails
 11112 | Lair:2   | Noticed a spiny frog
 11112 | Lair:2   | Noticed Gastronok
 11113 | Lair:2   | Noticed a spiny frog
 11130 | Lair:2   | Killed a spiny frog
 11137 | Lair:2   | Killed a spiny frog
 11137 | Lair:2   | Reached skill level 12 in Armour
 11155 | Lair:2   | Reached XP level 11. HP: 57/95 MP: 15/15
 11161 | Lair:2   | Killed Gastronok
 11442 | Lair:2   | Noticed a four-headed hydra
 11450 | Lair:2   | Killed a four-headed hydra
 11450 | Lair:2   | Reached skill level 5 in Maces & Flails
 11629 | Lair:2   | Lost mutation: You have sharp toenails. [potion of mutation]
 11629 | Lair:2   | Lost mutation: You are surrounded by a mild repulsion field. (EV +2) [potion of mutation]
 11629 | Lair:2   | Gained mutation: Your magical capacity is low. (-10% MP) [potion of mutation]
 11629 | Lair:2   | Gained mutation: You have large cloven feet. [potion of mutation]
 11629 | Lair:2   | Gained mutation: Your system is resistant to poisons. (rPois) [potion of mutation]
 11745 | Lair:2   | Found a hole to the Spider Nest.
 11745 | Lair:2   | Noticed an orb spider
 11757 | Lair:2   | Banished an orb spider
 12272 | Lair:3   | Reached skill level 13 in Armour
 12371 | Lair:3   | Found a staircase to the Swamp.
 12409 | Lair:3   | Noticed an oklob plant
 12964 | Lair:3   | Reached ***** piety under Lugonu
 12969 | Lair:3   | Noticed Rupert
 13039 | Lair:3   | HP: 1/97 [Rupert/vampiric executioner's axe (14)]
 13042 | Lair:3   | Demolished by Rupert

Skill      XL: |  1  2  3  4  5  6  7  8  9 10 11 |
---------------+----------------------------------+-----
Fighting       | 4 5 6 7 8 9 |  9.3
Invocations    | 2 3 4 6 7 8 |  8.3
Axes           | 3 4 6 7 9 11 | 11.2
Armour         | 3 4 5 7 9 10 12 13 | 13.3
Dodging        | 2 |  2.5
Evocations     | 1 |  1.0
Maces & Flails | 3 8 |  8.0

Action                   |  1- 3 |  4- 6 |  7- 9 | 10-12 || total
-------------------------+-------+-------+-------+-------++-------
Melee: Hand axe          |    96 |   123 |   497 |    52 ||   768
       Headbutt          |    12 |    23 |   100 |    57 ||   192
       Flail             |       |       |       |   227 ||   227
Invok: Depart the Abyss  |     1 |       |       |       ||     1
       Banish            |       |       |       |     2 ||     2
       Bend Space        |       |       |       |     1 ||     1
Evoke: Wand              |       |       |     8 |       ||     8
  Use: Scroll            |    10 |     3 |     9 |     6 ||    28
       Potion            |       |     4 |     5 |    12 ||    21
 Stab: Paralysed         |       |       |     7 |       ||     7
  Eat: Chunk             |     1 |     6 |    11 |     8 ||    26
       Bread ration      |     1 |       |     1 |     1 ||     3
Armor: Leather armour    |    29 |       |       |       ||    29
       Plate armour      |    14 |   125 |   335 |   225 ||   699
       Ring mail         |     5 |       |       |       ||     5
Dodge: Dodged            |    66 |    43 |   168 |    99 ||   376
